 Dungeon Crawl Stone Soup version 0.28-a0-1382-g92835e5c71 (webtiles) character file.

Game seed: 7039608584092253305

369 esteth the Magician (level 6, -5/44 HPs)
             Began as a Demonspawn Hedge Wizard on Jan 1, 2022.
             Succumbed to Duvessa's poison
             ... on level 4 of the Dungeon.
             The game lasted 00:15:15 (5004 turns).

esteth the Magician (Demonspawn Hedge Wizard)       Turns: 5004, Time: 00:15:15

Health: -5/44      AC:  5    Str:  7 (10) XL:     6   Next: 41%
Magic:  18/21      EV: 12    Int: 16 (17) God:
Gold:   91         SH:  0    Dex: 11 (13) Spells: 7/13 levels left

rFire   + . .      SeeInvis .   n - +0 dagger (speed)
rCold   . . .      Faith    .   (no shield)
rNeg    + . .      Spirit   .   a - +1 robe of the Albatross {rF+ rN+}
rPois   .          Reflect  .   c - +0 hat
rElec   .          Harm     .   (no cloak)
rCorr   .          Rampage  .   (no gloves)
Will    .....                   (no boots)
Stlth   ++........              (no amulet)
HPRegen 0.14/turn               o - ring of magical power
MPRegen 0.17/turn               (no ring)

@: brilliant, lethally poisoned (-5 -> -45)
A: thin metallic scales 1, spiny 1, demonic touch 1
a: no special abilities


You were on level 4 of the Dungeon.
You visited 1 branch of the dungeon, and saw 6 of its levels.

You collected 91 gold pieces.

Inventory:

Hand Weapons
 l - a +0 antimagic trident
 n - a +0 dagger of speed (weapon)
Armour
 a - the +1 robe of the Albatross (worn) {rF+ rN+}
   (You found it on level 4 of the Dungeon)

   rF:        It protects you from fire.
   rN:        It protects you from negative energy.
 b - a +0 robe
 c - a +0 hat (worn)
 h - a +2 kite shield
 m - an orb of energy
Jewellery
 o - a ring of magical power (left hand)
Wands
 d - a wand of acid (4)
Potions
 e - a potion of cancellation
 k - 2 potions of heal wounds {unknown}


   Skills:
 - Level 2.0 Fighting
 + Level 1.9 Short Blades
 + Level 1.7 Dodging
 - Level 1.7 Stealth
 - Level 4.0 Spellcasting
 + Level 3.0 Conjurations
 - Level 2.0 Summonings
 - Level 0.8 Translocations
 - Level 2.0 Air Magic
 - Level 2.0 Poison Magic


You had 7 spell levels left.
You knew the following spells:

 Your Spells              Type           Power      Damage    Failure   Level
a - Magic Dart            Conj           76%        1d6       4%          1
b - Call Imp              Summ           14%        N/A       11%         2
c - Mephitic Cloud        Conj/Pois/Air  15%        N/A       21%         3

Your spell library contained the following spells:

 Spells                   Type           Power      Damage    Failure   Level
 Searing Ray              Conj           38%        2d5       8%          2
 Apportation              Tloc           16%        N/A       12%         1
 Slow                     Hex            16%        N/A       17%         1
 Blink                    Tloc           16%        N/A       19%         2
 Conjure Flame            Conj/Fire      12%        6-21      26%         3
 Fulminant Prism          Conj/Hex       6%         3d7       65%         4
 Iskenderun's Battlesphe  Conj           19%        2d7       80%         5
 Fireball                 Conj/Fire      6%         3d5       94%         5
 Alistair's Intoxication  Tmut/Pois      6%         N/A       97%         5
 Conjure Ball Lightning   Conj/Air       8%         3x3d6     100%        6
 Orb of Destruction       Conj           9%         9d4       100%        7


Dungeon Overview and Level Annotations

Branches:
Dungeon (6/15)
 Temple: D:4-7

Altars:
Hepliaklqana

Shops:
D:1 *

Annotations:
D:3 exclusion: downstairs
D:4 Dowan, Duvessa


Innate Abilities, Weirdness & Mutations

You are partially covered in thin metallic scales. (AC +2)
You are partially covered in sharp spines.
Your touch may inflict minor irresistible damage on your foes.


Message History

Duvessa is wielding a +2 short sword of venom.
Dowan is wielding a +1 dagger of protection.
Dowan shouts!
Duvessa shouts!
Casting: Magic Dart (safe; 4% risk of failure)
Confirm with . or Enter, or press ? or * to list all spells.
Aiming: Mephitic Cloud (dangerous; 19% risk of failure)
Press: ? - help, Shift-Dir - straight line, f - Duvessa
Aim: Duvessa, wielding a +2 short sword of venom and wearing a +0 leather armour (chance to affect: 81%)
The ball explodes into a vile cloud!
The stinking cloud engulfs Duvessa but does no damage.
The stinking cloud engulfs Dowan but does no damage.
Duvessa is engulfed in noxious fumes.
Duvessa appears confused.
Dowan is engulfed in noxious fumes.
Dowan appears confused.
You hit Duvessa.
Duvessa is lightly wounded.
Duvessa hits you with a +2 short sword of venom!
You hit Duvessa.
You touch Duvessa.
Duvessa is moderately wounded.
You hit Duvessa but do no damage.
Duvessa is moderately wounded.
Duvessa is struck by your spines.
Duvessa hits you with a +2 short sword of venom.
You are poisoned.
You hit Duvessa but do no damage.
Duvessa is heavily wounded.
You feel sick.
Dowan is engulfed in noxious fumes.
Dowan appears confused.
Duvessa hits you with a +2 short sword of venom!
You are lethally poisoned!
Drinking this now will have no effect.
It was a potion of degeneration.
There was something very wrong with that liquid.
You feel weakened.
You feel dopey.
You feel clumsy.
You feel very sick.
Dowan is engulfed in noxious fumes.
Duvessa laughs at nothing.
Duvessa hits you with a +2 short sword of venom!
* * * LOW HITPOINT WARNING * * *
You are more poisoned.
You aren't carrying any scrolls.
It was a potion of brilliance.
You feel clever all of a sudden.
You die...

####..# #.# *.##.........≈
#[..# #.# *,*#.....##..≈
#..## #.# *,*#########.≈ #..#
#.# *,* #†≈ #..## #.# *,* #..
##.#.## #.# *,* #..
##.###.####.###.###**#####.#
#.## ##............,,......#
##.###.####@###.###,,.......
##.#.## #.ee..# *,*####..#
###...############ *,* #..#
#.......<..# *,* #..#
#.#...####.# *,**###..#
#.##.## *,* *,**...... #.##.#
*,* *,**.##..# #.##.# *,*
**,**,*#.,#
#.##.#****,********,,,,,..,,#


You could see Duvessa (confused) and Dowan (confused).

Vanquished Creatures
  A scorpion (D:3)
  Jessica (D:2)
  An iguana (D:4)
  Terence (D:2)
  A hound zombie (D:5)
  5 adders
  2 worms
  A dart slug (D:3)
  An orc (D:4)
  13 ball pythons
  4 endoplasms
  5 giant cockroaches
  6 goblins
  13 hobgoblins
  5 jackals
  6 kobolds
  3 quokkas
  3 bats (D:2)
  5 frilled lizards
  2 rats
79 creatures vanquished.

Vanquished Creatures (collateral kills)
  An ogre (D:4)
1 creature vanquished.

Vanquished Creatures (others)
  2 plants (D:3)
2 creatures vanquished.

Grand Total: 82 creatures vanquished

Notes
Turn   | Place    | Note
-------+----------+-------------------------------------------
     0 | D:1      | esteth the Demonspawn Hedge Wizard began the quest for the
                  | Orb.
     0 | D:1      | Reached XP level 1. HP: 13/13 MP: 4/4
   278 | D:1      | Gained mutation: Your touch may inflict minor irresistible
                  | damage on your foes. [demonic ancestry]
   278 | D:1      | Reached XP level 2. HP: 19/19 MP: 3/6
   931 | D:1      | Reached XP level 3. HP: 15/24 MP: 0/7
  1172 | D:1      | Found Boneodu's Assorted Antiques.
  1271 | D:1      | Learned a level 2 spell: Call Imp
  1275 | D:1      | Learned a level 3 spell: Mephitic Cloud
  2056 | D:2      | Reached XP level 4. HP: 30/30 MP: 5/9
  2097 | D:2      | Reached skill level 1 in Poison Magic
  2432 | D:2      | Reached skill level 1 in Air Magic
  2453 | D:2      | Noticed Terence
  2456 | D:2      | Killed Terence
  2770 | D:2      | Noticed Jessica
  2771 | D:2      | Killed Jessica
  2814 | D:2      | Found a faded altar of an unknown god.
  2909 | D:3      | Noticed a scorpion
  2911 | D:3      | Killed a scorpion
  2912 | D:3      | Gained mutation: You are partially covered in thin metallic
                  | scales. (AC +2) [demonic ancestry]
  2912 | D:3      | Reached XP level 5. HP: 36/36 MP: 10/10
  2917 | D:3      | Reached skill level 1 in Fighting
  3959 | D:4      | Found a hazy altar of Hepliaklqana.
  4058 | D:4      | Gained mutation: You are partially covered in sharp spines.
                  | [demonic ancestry]
  4058 | D:4      | Reached XP level 6. HP: 18/44 MP: 0/11
  4308 | D:4      | Identified the +1 robe of the Albatross {rF+ rN+}
  4354 | D:4      | You fall into a shaft and drop 2 floors!
  4370 | D:5      | Entered Level 5 of the Dungeon
  4406 | D:5      | Reached skill level 1 in Short Blades
  4882 | D:4      | Reached skill level 4 in Spellcasting
  4997 | D:4      | Noticed Duvessa
  4997 | D:4      | Noticed Dowan
  5004 | D:4      | Succumbed to Duvessa's poison

Illustrated notes

Levels and vault maps discovered:
D:1:      shiori_shiawase, layout_basic, serial_shops, nicolae_shop_stone
D:2:      layout_basic, shapermc_ecumenical_altar_mp_vishouse, st_stairs_14,
          uniq_terence, uniq_jessica
D:3:      cheibrodos_old_hovel, layout_basic, grunt_ministairs_9,
          grunt_decor_one_mirror
D:4:      layout_loops_ring, general_overflow_altar, serial_shops,
          nicolae_square_shop, uniq_duvessa
D:5:      layout_loops_cross, zin_academy, nicolae_gozag_seed_capital,
          uniq_edmund
D:6:      layout_basic, uniq_pikel

Skill      XL: |  1  2  3  4  5  6 |
---------------+-------------------+-----
Conjurations   | 2 3 |  3.0
Summonings     | 2 |  2.0
Poison Magic   | 2 |  2.0
Air Magic      | 2 |  2.0
Fighting       | 1 2 |  2.0
Short Blades   | 1 |  1.9
Spellcasting   | 4 |  4.0
Dodging        | |  1.7
Stealth        | |  1.7
Translocations | |  0.8

Action                   |  1- 3 |  4- 6 || total
-------------------------+-------+-------++-------
Melee: Dagger            |    57 |    60 ||   117
       Touch             |    10 |    11 ||    21
 Cast: Magic Dart        |    78 |    63 ||   141
       Call Imp          |       |     9 ||     9
       Mephitic Cloud    |       |     2 ||     2
Evoke: Wand              |       |     6 ||     6
  Use: Potion            |     1 |     2 ||     3
       Scroll            |       |     3 ||     3
 Stab: Sleeping          |     1 |       ||     1
Armor: Robe              |     9 |    17 ||    26
Dodge: Dodged            |    51 |    34 ||    85

Table legend: (Time is in decaauts)
 A = Elapsed time spent in this place.
 B = Non-inter-level travel time spent in this place.
 C = Inter-level travel time spent in this place.
 D = Time resting spent in this place.
 E = Time spent auto-exploring this place.
 F = Levels seen in this place.
 G = Mean time per level.
                   A        B        C        D        E       F      G
               +--------+--------+--------+--------+--------+-----+--------+
         Total |   4991 |   4857 |    134 |   1383 |   2808 |   6 |  831.8 |
       Dungeon |   4991 |   4857 |    134 |   1383 |   2808 |   6 |  831.8 |
               +--------+--------+--------+--------+--------+-----+--------+

Top non-repeatable levels by time:
     D:1: 1689 daAuts
     D:3: 1311 daAuts
     D:2: 1169 daAuts
     D:4: 694 daAuts
     D:5: 110 daAuts
     D:6: 15 daAuts
